 Dungeon Crawl Stone Soup version 0.25-a0-488-g03579ab4a3 (webtiles) character file.

Game seed: 12665935853928636321, levelgen mode: deterministic

1879 Error4North the Chopper (level 9, -1/74 HPs)
             Began as a Hill Orc Fighter on Feb 10, 2020.
             Was a Believer of Okawaru.
             Killed from afar by an electric eel (10 damage)
             ... with a bolt of electricity
             ... on level 6 of the Dungeon.
             The game lasted 00:23:50 (6248 turns).

Error4North the Chopper (Hill Orc Fighter)          Turns: 6248, Time: 00:23:50

Health: -1/74      AC: 14    Str: 16 (18) XL:     9   Next: 14%
Magic:  13/13      EV:  3    Int:  5 (8)  God:    Okawaru [**....]
Gold:   279        SH:  9    Dex:  7 (10) Spells: 14/14 levels left

rFire    . . .     SeeInvis +   a - +0 war axe
rCold    . . .     Gourm    .   c - +0 kite shield
rNeg     . . .     Faith    .   o - +1 plate armour
rPois    .         Spirit   .   (no helmet)
rElec    .         Reflect  .   (no cloak)
rCorr    +         Harm     .   (no gloves)
MR       .....                  (no boots)
Stlth    ..........             (no amulet)
HPRegen  0.00/turn              g - ring of resist corrosion
MPRegen  0.13/turn              (no ring)

@: no status effects
A: see invisible, inhibited regeneration, weak 2
a: Heroism, Renounce Religion


You were on level 6 of the Dungeon.
You worshipped Okawaru.
Okawaru was pleased with you.
You were not hungry.

You visited 2 branches of the dungeon, and saw 7 of its levels.

You collected 305 gold pieces.
You spent 26 gold pieces at shops.

Inventory:

Hand Weapons
 a - a +0 war axe (weapon)
 y - the +0 whip "Zaamauwu" {freeze, Dex+3}
   (You found it on level 5 of the Dungeon)

   It has been specially enchanted to freeze those struck by it, causing extra
   injury to most foes and up to half again as much damage against particularly
   susceptible opponents.
   It can also slow down cold-blooded creatures.
   It affects your dexterity (+3).
Missiles
 i - 4 boomerangs (quivered)
Armour
 c - a +0 kite shield (worn)
 o - a +1 plate armour (worn)
Jewellery
 g - a ring of resist corrosion (left hand)
 h - an uncursed ring of poison resistance {unknown}
Wands
 z - a wand of disintegration (13)
Scrolls
 b - 3 scrolls of remove curse {unknown}
 e - 3 scrolls of identify
 j - 4 scrolls of teleportation {unknown}
 k - a scroll of noise {unknown}
 r - a scroll of fear {unknown}
 t - a scroll of magic mapping {unknown}
 u - a scroll of amnesia {unknown}
 v - 2 scrolls of enchant weapon {unknown}
 w - a scroll of enchant armour
 x - 2 scrolls of holy word {unknown}
 A - a scroll of blinking
Potions
 d - a potion of lignification
 l - a potion of mutation
 n - 3 potions of heal wounds {unknown}
 p - a potion of resistance {unknown}
 q - a potion of magic {unknown}
 s - 3 potions of curing {unknown}
Comestibles
 f - 15 rations


   Skills:
 + Level 5.3 Fighting
 + Level 7.8 Axes
 + Level 0.5 Throwing
 * Level 6.8 Armour
 + Level 0.5 Dodging
 * Level 6.9 Shields
 * Level 3.0 Spellcasting
 * Level 3.3 Invocations
 * Level 1.1 Evocations


You had 14 spell levels left.
You didn't know any spells.
Your spell library contained the following spells:

 Spells                   Type           Power        Failure   Level  Hunger
 Magic Dart               Conj           #...         100%        1    ##.....
 Blink                    Tloc           N/A          100%        2    ###....
 Call Imp                 Summ           #.......     100%        2    ###....
 Slow                     Hex            #.......     100%        2    ###....
 Conjure Flame            Conj/Fire      #.......     100%        3    ####...
 Mephitic Cloud           Conj/Pois/Air  #.......     100%        3    ####...


Dungeon Overview and Level Annotations

Branches:
Dungeon (6/15)             Temple (1/1) D:4

Altars:
Ashenzari
Cheibriados
Dithmenos
Elyvilon
Fedhas
Gozag
Hepliaklqana
Kikubaaqudgha
Makhleb
Nemelex Xobeh
Okawaru
Qazlal
Ru
Sif Muna
Trog
Uskayaw
Vehumet
Wu Jian
Xom
Yredelemnul
Zin
The Shining One

Shops:
D:4 [[?

Annotations:
D:6 Sigmund


Innate Abilities, Weirdness & Mutations

You have supernaturally acute eyesight. (SInv)
You do not regenerate when monsters are visible.
You are very weak. (Str -4)


Message History

* * * LOW HITPOINT WARNING * * *
The bolt of electricity hits the electric eel.
The electric eel completely resists.
The bolt of electricity hits the plant.
It was a potion of mutation.
You feel extremely strange.
You feel weaker. x2; Your regeneration stops near monsters.
Your vision sharpens.
The electric eel shoots out a bolt of lightning at you!
The bolt of electricity hits you.
* * * LOW HITPOINT WARNING * * *
The bolt of electricity hits you.
* * * LOW HITPOINT WARNING * * *
The bolt of electricity misses the electric eel.
The bolt of electricity hits the plant!
Unknown command.
It was a potion of degeneration.
There was something very wrong with that liquid.
You feel weakened.
You feel dopey.
You feel clumsy.
The electric eel shoots out a bolt of lightning at you!
The bolt of electricity hits you!
You die...

....≈≈≈≈≈......#
..≈≈≈≈≈P≈P....##
##≈≈≈≈≈≈≈≈...##
###≈≈≈≈≈PP....##
≈≈≈≈≈P.≈.....#
≈≈≈≈≈≈......##
#P≈.....###
####;≈....##
#...@....##
#.......##
#########


You could see an electric eel.

Vanquished Creatures
  A phantom (D:6)
  2 sky beasts (D:6)
  A black bear (D:4)
  4 ogres
  A centaur (D:5)
  A bullfrog (D:6)
  A scorpion (D:4)
  2 killer bees (D:5)
  A howler monkey (D:6)
  2 crimson imps
  A centaur zombie (D:6)
  3 hounds
  An orc priest (D:6)
  An iguana (D:4)
  6 orc wizards
  9 worker ants
  A killer bee zombie (D:6)
  Robin (D:4)
  7 adders
  A howler monkey skeleton (D:4)
  3 shadow imps (D:6)
  3 worms
  2 dart slugs
  7 leopard geckos
  15 orcs
  7 bats
  8 giant cockroaches
  11 goblins
  7 hobgoblins
  9 jackals
  7 kobolds
  3 quokkas (D:6)
  7 frilled lizards
  A giant cockroach zombie (D:5)
  A leopard gecko zombie (D:5)
  5 rats
  A butterfly (D:5)
144 creatures vanquished.

Notes
Turn   | Place    | Note
-------+----------+-------------------------------------------
     0 | D:1      | Error4North the Hill Orc Fighter began the quest for the
                  | Orb.
     0 | D:1      | Reached XP level 1. HP: 19/19 MP: 1/1
    82 | D:1      | Reached XP level 2. HP: 27/27 MP: 2/2
   514 | D:1      | Reached XP level 3. HP: 33/33 MP: 3/3
   515 | D:1      | Reached skill level 3 in Axes
  1495 | D:3      | Reached XP level 4. HP: 39/40 MP: 4/4
  2516 | D:4      | Noticed Robin
  2523 | D:4      | Reached XP level 5. HP: 33/46 MP: 5/5
  2541 | D:4      | Reached skill level 4 in Axes
  2587 | D:4      | Killed Robin
  2847 | D:4      | Found Huck's Antique Armour Boutique.
  2851 | D:4      | Reached XP level 6. HP: 53/53 MP: 7/7
  2857 | D:4      | Found Roqife's Armour Boutique.
  2950 | D:4      | Found Cevvai's Magic Scroll Boutique.
  2968 | D:4      | Bought a scroll of identify for 26 gold pieces
  2971 | D:4      | Found a staircase to the Ecumenical Temple.
  2977 | Temple   | Entered the Ecumenical Temple
  2982 | Temple   | Became a worshipper of Warmaster Okawaru
  2985 | Temple   | Reached skill level 5 in Armour
  2985 | Temple   | Reached skill level 1 in Spellcasting
  3067 | D:4      | Reached skill level 5 in Axes
  3067 | D:4      | Reached skill level 5 in Shields
  3103 | D:4      | Reached XP level 7. HP: 60/60 MP: 8/8
  3144 | D:4      | Found Dupipt's Magic Scroll Boutique.
  3302 | D:4      | Reached * piety under Okawaru
  3302 | D:4      | Reached skill level 1 in Invocations
  3529 | D:5      | Entered Level 5 of the Dungeon
  3582 | D:5      | Reached skill level 6 in Axes
  3699 | D:5      | Upgraded the game from 0.25-a0-479-g8579842fd4 to
                  | 0.25-a0-488-g03579ab4a3
  3799 | D:5      | Found a white marble altar of Elyvilon.
  3950 | D:5      | Reached XP level 8. HP: 67/67 MP: 9/11
  4238 | D:5      | Found a runed translucent door.
  4239 | D:5      | Found a runed translucent door.
  4438 | D:5      | Got a slimy whip
  4439 | D:5      | Identified the +0 whip "Zaamauwu" {freeze, Dex+3} (You
                  | found it on level 5 of the Dungeon)
  4554 | D:5      | Reached skill level 7 in Axes
  4798 | D:6      | Reached ** piety under Okawaru
  5292 | D:6      | Found a stormy altar of Qazlal.
  5326 | D:6      | Noticed Sigmund
  5611 | D:6      | Reached skill level 5 in Fighting
  5633 | D:6      | Reached XP level 9. HP: 21/74 MP: 13/13
  5899 | D:6      | Reached skill level 1 in Evocations
  6247 | D:6      | Gained mutation: You are weak. (Str -2) [potion of
                  | mutation]
  6247 | D:6      | Gained mutation: You are very weak. (Str -4) [potion of
                  | mutation]
  6247 | D:6      | Gained mutation: You do not regenerate when monsters are
                  | visible. [potion of mutation]
  6247 | D:6      | Gained mutation: You have supernaturally acute eyesight.
                  | (SInv) [potion of mutation]
  6248 | D:6      | Killed from afar by an electric eel

Levels and vault maps discovered:
D:1:      onia_arrival_mini_maze, layout_loops_ring
D:2:      layout_loops_cross
D:3:      layout_basic, first_ration, kennysheep_generic_room_14
D:4:      layout_loops_ring, temple_green, serial_shops,
          nicolae_shop_window_shopping, shop, shop, shop, uniq_robin
D:5:      lemuel_insect_pit, layout_rooms, elyvilon_altar_3
D:6:      layout_basic, basic_altar, serial_shops, nicolae_shop_stone,
          chequers_big_river, uniq_sigmund
Temple:   grunt_wide_crystal_templ

Skill      XL: |  1  2  3  4  5  6  7  8  9 |
---------------+----------------------------+-----
Fighting       | 4 5 |  5.3
Axes           | 3 4 5 6 7 |  7.8
Shields        | 4 5 6 |  6.9
Armour         | 4 5 6 |  6.8
Spellcasting   | 1 2 3 |  3.0
Invocations    | 1 3 |  3.3
Evocations     | 1 |  1.1
Throwing       | |  0.5
Dodging        | |  0.5

Action                   |  1- 3 |  4- 6 |  7- 9 || total
-------------------------+-------+-------+-------++-------
Melee: War axe           |   111 |   137 |   378 ||   626
Throw: Boomerang         |       |       |    20 ||    20
Invok: Heroism           |       |       |     5 ||     5
  Use: Scroll            |       |     3 |     3 ||     6
       Potion            |       |     1 |     3 ||     4
  Eat: Chunk             |     2 |     2 |    10 ||    14
       Ration            |       |     1 |     1 ||     2
Armor: Scale mail        |    12 |       |       ||    12
       Chain mail        |    72 |    29 |       ||   101
       Plate armour      |       |    61 |   212 ||   273
       Skin              |       |       |     1 ||     1
Dodge: Dodged            |    26 |    30 |    65 ||   121
Block: Kite shield       |    76 |    58 |   196 ||   330

Table legend:
 A = Non-vault XP
 B = Vault XP
 C = Vault XP percentage of total XP
 D = Non-vault monster count
 E = Vault monster count
 F = Vault count percentage of total count
                 A         B        C        D         E       F
            +---------+---------+-------+---------+---------+-------
      Total |    2264 |     421 |  15.7 |     117 |      26 |  18.2
            +---------+---------+-------+---------+---------+-------
        D:1 |      43 |       1 |   2.3 |      25 |       1 |   3.8
        D:2 |      25 |       0 |   0.0 |      10 |       0 |   0.0
        D:3 |      41 |      18 |  30.5 |      12 |       2 |  14.3
        D:4 |     573 |      33 |   5.4 |      19 |      11 |  36.7
        D:5 |     514 |     369 |  41.8 |      25 |      12 |  32.4
        D:6 |     955 |       0 |   0.0 |      25 |       0 |   0.0
     Temple |     113 |       0 |   0.0 |       1 |       0 |   0.0
            +---------+---------+-------+---------+---------+-------
